AoeStats
← mjr 151

Arabia

503661315Analyzed
1v1 RM · 1mo ago on Sep 1, 2026· 27m 5s· 2 players
Game mode
Random Map
Map size
Tiny (2 player)
Population
200
Speed
Normal
Resources
Standard
Victory
Conquest
Starting age
Dark Age
Ending age
Imperial Age
RankedLock teamsTeams togetherTeam positionsShared explorationLock speedFull tech treeHidden civsTurbo modeCheats
Victory
Defeat
🇭🇺 Lithuanians · Hungary
1103
+15
🇫🇷 Ethiopians · France
1077
-33
mjr 151
6:58 Loom
10:05 Feudal Age
10:07 Man-at-Arms
19:56 Forging
25:28 Castle Age
23:44 Fletching
24:54 Scale Mail Armor
24:55 Padded Archer Armor
25:32 Crossbowman
DandaDeKonk
8:35 Feudal Age
7:58 Loom
9:01 Double-Bit Axe
17:21 Wheelbarrow
22:18 Castle Age
21:24 Forging
21:54 Scale Barding Armor
22:18 Bloodlines
23:28 Bow Saw
23:29 Horse Collar
25:04 Heavy Plow
Connection lost

Rejoining the realm…

Still unreachable

The connection could not be restored.

Session expired

The server has moved on; the page needs a fresh start.